 Dungeon Crawl Stone Soup version 0.31-a0-1511-g961fd35ebc (webtiles) character file.

Game seed: 13391934678754673609

103061 Jannitor the Fighter (level 16, -1/180 HPs)
             Began as a Djinni Delver on Dec 26, 2023.
             Was an Initiate of Gozag.
             Slain by a meliai
             ... wielding a +2 hand axe of electrocution
              (8 damage)
             ... on level 1 of the Spider Nest on Dec 30, 2023.
             The game lasted 01:56:45 (34686 turns).

Jannitor the Fighter (Djinni Delver)               Turns: 34686, Time: 01:56:46

Health: -1/180     AC: 16    Str: 17 (19) XL:     16   Next: 88%
Gold:   315        EV: 15    Int: 15 (18) God:    Gozag SH: 11 Dex: 16 (22)

rFire   + + +        Q - +3 rapier (vamp)
rCold   . . .        i - +2 kite shield {rN+}
rNeg    + . .        t - +3 ring mail {rF+}
rPois   ∞            N - +2 hat of Lesser Demons {Will+ Str+2 Dex+2}
rElec   .            U - +0 cloak
rCorr   .            E - +1 pair of gloves
SInv    .            (boots unavailable)
Will    +++..        m - amulet "Qeipryepes" {rC+ Regen+} Stlth
                     B - ring "Iwemuon" {Will+ Str+6 Dex+3 Stlth+}
HPRegen 1.30/turn    J - +4 ring of slaying
MPRegen 0.00/turn

%: infuse magic (-2 HP)
@: berserking, gold aura, flying, very quick
A: sickness immunity, fire resistance 2, cold vulnerability 1, float, innate
caster, HP casting, extra vitality 1
a: Renounce Religion, Potion Petition, Call Merchant, Bribe Branch


You were on level 1 of the Spider Nest.
You worshipped Gozag.
Gozag was aware of your devotion.
You visited 5 branches of the dungeon, and saw 24 of its levels.
You also visited: Volcano.

You collected 7776 gold pieces.
You spent 3194 gold pieces at shops.
You paid 4267 gold pieces to Gozag.

Inventory:

Hand Weapons
 a - a +0 short sword of freezing
 Q - a +3 vampiric rapier (weapon)
Missiles
 d - 5 throwing nets
 e - 10 poisoned darts (quivered)
Armour
 b - a +2 robe of willpower
 i - a +2 kite shield of positive energy (worn)
 t - a +3 ring mail of fire resistance (worn)
 E - a +1 pair of gloves (worn)
 N - the +2 hat of Lesser Demons (worn) {Will+ Str+2 Dex+2}
   (You found it on level 10 of the Dungeon)

   Str+2:     It affects your strength (+2).
   Dex+2:     It affects your dexterity (+2).
   Will+:     It increases your willpower.
 U - a +0 cloak (worn)
 V - a scarf of resistance
 Y - a +0 buckler
Magical Staves
 F - a staff of earth
 G - a staff of death
Jewellery
 f - the ring "Regudiop" {*Slow rF+ Int+2 Stlth+}
   (You found it on level 5 of the Lair of Beasts)

   [ring of protection from fire]

   Int+2:     It affects your intelligence (+2).
   rF+:       It protects you from fire.
   *Slow:     It may slow you when you take damage.
   Stlth+:    It makes you more stealthy.
 m - the amulet "Qeipryepes" (around neck) {rC+ Regen+}
   (You bought it in a shop on level 2 of the Orcish Mines)

   [amulet of regeneration]

   rC+:       It protects you from cold.
   Regen+:    It increases your rate of health regeneration.
 q - a ring of see invisible
 u - a +4 ring of protection
 y - a +5 ring of evasion
 B - the ring "Iwemuon" (left hand) {Will+ Str+6 Dex+3 Stlth+}
   (You bought it in a shop on level 14 of the Dungeon)

   [ring of strength]

   Str+6:     It affects your strength (+6).
   Dex+3:     It affects your dexterity (+3).
   Will+:     It increases your willpower.
   Stlth+:    It makes you more stealthy.
 I - an amulet of the acrobat
 J - a +4 ring of slaying (right hand)
 L - an amulet of reflection
 S - a ring of wizardry
Wands
 k - a wand of flame (12)
 A - a wand of digging (5)
 M - a wand of charming (3)
 W - a wand of polymorph (2)
Scrolls
 c - 3 scrolls of fog
 j - 5 scrolls of revelation
 r - 5 scrolls of noise
 s - 5 scrolls of immolation
 v - 4 scrolls of amnesia
 w - 3 scrolls of identify
 z - 3 scrolls of vulnerability
 O - a scroll of torment
 R - 2 scrolls of poison
 T - a scroll of enchant weapon
 X - 3 scrolls of silence
Potions
 g - a potion of might
 l - a potion of lignification
 o - 3 potions of resistance
 p - 4 potions of enlightenment
 x - a potion of cancellation
 C - a potion of mutation
 H - 3 potions of attraction
 K - a potion of haste
 P - a potion of curing
 Z - 2 potions of brilliance
Miscellaneous
 h - a condenser vane (inert)


   Skills:
 + Level 12.9 Fighting
 * Level 11.4 Short Blades
 - Level 9.9 Staves
 + Level 10.9 Armour
 + Level 11.1 Dodging
 + Level 9.2 Stealth
 + Level 4.4 Shields
 + Level 7.9 Spellcasting
 + Level 7.9 Conjurations
 + Level 7.9 Hexes
 + Level 7.9 Summonings
 + Level 7.9 Necromancy
 + Level 7.9 Translocations
 + Level 7.9 Fire Magic
 + Level 7.9 Ice Magic
 + Level 7.9 Air Magic
 + Level 7.9 Earth Magic
 + Level 7.9 Alchemy
 - Level 5.5 Evocations


You knew the following spells:

 Your Spells              Type           Power      Damage    Failure   Level
a - Apportation           Tloc           58%        N/A       1%          1
b - Ensorcelled Hibernat  Hex/Ice        58%        N/A       3%          2
c - Tukima's Dance        Hex            29%        N/A       6%          3
d - Fugue of the Fallen   Necr           29%        N/A       6%          3
e - Iskenderun's Mystic   Conj/Tloc      29%        2d7       19%         4
f - Silence               Hex/Air        14%        N/A       47%         5
g - Sculpt Simulacrum     Ice/Alch       14%        N/A       96%         6
Your spell library was empty.

Dungeon Overview and Level Annotations

Branches:
Dungeon (15/15)            Temple (1/1) D:7            Lair (5/5) D:8
 Shoals (0/4) Lair:2       Spider (1/4) Lair:3        Slime (0/5) Lair:4
    Orc (2/2) D:10            Elf (0/3) Orc:2        Vaults (0/5) D:13
 Depths (0/4) D:15        Volcano (visited)

Altars:
Ashenzari
Cheibriados
Dithmenos
Elyvilon
Fedhas
Gozag
Hepliaklqana
Makhleb
Nemelex Xobeh
Okawaru
Qazlal
Ru
Trog
Uskayaw
Wu Jian
Xom
Yredelemnul
Zin
The Shining One
Jiyva

Shops:
D:8 [   D:10 :   D:11 :   D:14 =   Orc:2 ?[==*

Portals:
Trove: D:14 (give +7 demon whip)

Annotations:
D:2 Jessica
D:3 1 runed translucent door, runewalsh's ghost, amateur OpHW
D:4 exclusion: bombardier beetle
D:14 1 transporter
Lair:2 1 runed translucent door, koorschki's ghost, journeyman DsCA
Spider:1 1 runed translucent door


Innate Abilities, Weirdness & Mutations

You are immune to sickness and miasma.
You are immune to poison.
Your flesh is very heat resistant. (rF++)
You are vulnerable to cold. (rC-)
You float through the air rather than walking.
You learn spells naturally, not from books.
Your magical power is your life essence.
You have superior vitality. (+4 MHP)


Message History

Something stings you but does no damage.
You hit the meliai.
You feel better.
The meliai is severely wounded.
You block the meliai's attack.
The meliai stings you but does no damage.
The meliai calls upon its god to heal the meliai.
The meliai is healed somewhat.
The meliai hits you but does no damage. The meliai closely misses you.
You closely miss the meliai.
The meliai is moderately wounded.
You feel you are being watched by something.
Something hits you but does no damage. Something hits you.
* * * LOW HITPOINT WARNING * * *
You feel clumsy. Something stings you.
* * * LOW HITPOINT WARNING * * *
The meliai hits you with a +2 hand axe of electrocution.
* * * LOW HITPOINT WARNING * * *
The meliai closely misses you. x2; You block the meliai's attack.
The meliai hits you but does no damage. You block the meliai's attack.
You hit the meliai.
You feel better.
The meliai is severely wounded.
The meliai hits you with a +2 hand axe of electrocution.
* * * LOW HITPOINT WARNING * * *
You are electrocuted!
* * * LOW HITPOINT WARNING * * *
The meliai stings you!
* * * LOW HITPOINT WARNING * * *
You block the meliai's attack. x3; The meliai barely misses you.
You feel you are being watched by something.
Something hits you.
* * * LOW HITPOINT WARNING * * *
Something hits you.
* * * LOW HITPOINT WARNING * * *
Something stings you but does no damage.
You puncture the meliai!
You feel better.
You kill the meliai!
The meliai hits you with a +2 hand axe of electrocution!
You die...
Your body crumbles into a pile of gold.

#......
#...... ###
#..... ##..##
#....
##.....# ....
##......#
#..##.......#
....
#..#y$.....#
.....
#.s{@.....#
.....
##.y......#
...
##.......# ..
..
#..#.$...## #
#..
#..##....#
######.#
##.##.####
.......##
#..##.##
........#
##..##.###
........##
#.##...#


You could see a demonic crawler and 2 meliai.

Vanquished Creatures
  2 emperor scorpions (Spider:1)
  A ghost moth (Spider:1)
  A red draconian (Volcano)
  An ettin (D:14)
  4 vault guards
  Harold (Orc:1)
  5 hydras
  2 ogre magi (Orc:2)
  4 catoblepae
  3 two-headed ogres
  2 boulder beetles
  13 death yaks
  3 centaur warriors
  2 tengu warriors
  A skyshark (Lair:4)
  2 pharaoh ants (Spider:1)
  2 orb spiders (Spider:1)
  A sun moth (Spider:1)
  A harpy (shapeshifter) (D:14)
  2 orc knights (Orc:1)
  8 ugly things
  2 wolf spiders (Spider:1)
  A lindwurm (Lair:5)
  2 deep elf pyromancers
  10 orc sorcerers
  5 manticores
  4 salamanders (Volcano)
  8 cyclopes
  8 black mambas
  A meliai (Spider:1)
  18 elephants
  A kobold blastminer (Orc:2)
  2 torpor snails
  16 cane toads
  2 gargoyles (D:12)
  4 molten gargoyles (Volcano)
  An unseen horror (shapeshifter) (D:12)
  2 rime drakes
  2 efreet (Volcano)
  6 komodo dragons
  A tengu conjurer (D:14)
  6 trolls
  2 polar bears (Lair:4)
  16 blink frogs
  11 tarantellas (Spider:1)
  7 dream sheep (Lair:5)
  A vampire (D:10)
  71 yaks
  5 jumping spiders (Spider:1)
  A shadow (D:10)
  A spriggan (Lair:4)
  Sigmund (D:5)
  6 culicivoras (Spider:1)
  7 wyverns
  2 wraiths
  A steam dragon (D:8)
  2 wargs
  A basilisk (Lair:3)
  11 redbacks (Spider:1)
  10 vampire mosquitoes
  3 acid dragons
  12 water moccasins
  A sky beast (D:8)
  A black bear (Lair:4)
  14 ogres
  9 orc warriors
  7 wolves (Lair:4)
  7 centaurs
  2 phantoms
  19 bullfrogs
  2 gnoll sergeants
  5 scorpions
  5 wights (D:8)
  A troll zombie (D:10)
  10 killer bees
  4 electric eels
  4 howler monkeys
  A hound (D:6)
  2 gnoll boudas (D:6)
  3 orc priests
  14 jellies
  2 sleepcaps
  31 orc wizards
  5 ogre zombies (D:10)
  26 gnolls
  10 adders
  2 dart slugs
  39 orcs
  8 ball pythons
  4 bats
  3 endoplasms
  2 giant cockroaches (D:1)
  3 gnoll zombies (D:10)
  7 hobgoblins
  4 jackals (D:2)
  2 quokkas
  A frilled lizard (D:1)
  3 gnoll skeletons (D:10)
  8 goblins
  3 kobolds
  4 orc skeletons (D:10)
  9 orc zombies (D:10)
  5 rats
626 creatures vanquished.

Vanquished Creatures (collateral kills)
  A salamander (Volcano)
  Joseph (D:9)
  2 molten gargoyles (Volcano)
  3 gargoyles
  A gnoll sergeant (D:12)
  3 wights (D:8)
  An orc wizard (Orc:2)
12 creatures vanquished.

Vanquished Creatures (others)
  2 komodo dragons
  A vampire (D:13)
  A warg (Orc:1)
  19 dancing weapons
  An orc wizard (Orc:1)
24 creatures vanquished.

Grand Total: 662 creatures vanquished

Notes
Turn   | Place    | Note
-------+----------+-------------------------------------------
     0 | D:5      | Jannitor the Djinni Delver began the quest for the Orb.
     0 | D:5      | Reached XP level 1. HP: 20/20 MP: 0/0
   493 | D:2      | Reached XP level 2. HP: 25/25 MP: 0/0
   657 | D:2      | Noticed Jessica
  1143 | D:1      | Reached XP level 3. HP: 28/30 MP: 0/0
  1143 | D:1      | Learned a level 1 spell: Apportation
  2338 | D:3      | Reached XP level 4. HP: 35/35 MP: 0/0
  2604 | D:3      | Found a runed translucent door.
  2606 | D:3      | Noticed runewalsh's ghost (amateur OpHW)
  3047 | D:4      | Reached skill level 1 in Armour
  3133 | D:4      | Noticed a scorpion
  3157 | D:4      | Reached XP level 5. HP: 41/41 MP: 0/0
  3157 | D:4      | Learned a level 2 spell: Ensorcelled Hibernation
  3174 | D:4      | Noticed a water moccasin
  3266 | D:5      | Reached XP level 6. HP: 47/47 MP: 0/0
  3309 | D:5      | Noticed Sigmund
  3313 | D:5      | Killed Sigmund
  3314 | D:5      | Reached skill level 4 in Fighting
  3314 | D:5      | Reached skill level 1 in Evocations
  3425 | D:5      | Reached skill level 1 in Spellcasting
  3425 | D:5      | Reached skill level 1 in Conjurations
  3425 | D:5      | Reached skill level 1 in Hexes
  3425 | D:5      | Reached skill level 1 in Summonings
  3425 | D:5      | Reached skill level 1 in Necromancy
  3425 | D:5      | Reached skill level 1 in Translocations
  3425 | D:5      | Reached skill level 1 in Fire Magic
  3425 | D:5      | Reached skill level 1 in Ice Magic
  3425 | D:5      | Reached skill level 1 in Air Magic
  3425 | D:5      | Reached skill level 1 in Earth Magic
  3425 | D:5      | Reached skill level 1 in Alchemy
  3425 | D:5      | Reached XP level 7. HP: 51/52 MP: 0/0
  3425 | D:5      | Learned a level 3 spell: Tukima's Dance
  4115 | D:5      | Reached XP level 8. HP: 58/58 MP: 0/0
  4553 | D:6      | Reached skill level 5 in Fighting
  4604 | D:6      | Reached skill level 5 in Dodging
  5811 | D:7      | Noticed a troll
  6143 | D:7      | Reached XP level 9. HP: 58/65 MP: 0/0
  6143 | D:7      | Learned a level 3 spell: Fugue of the Fallen
  6617 | D:7      | Found a staircase to the Ecumenical Temple.
  6628 | Temple   | Entered the Ecumenical Temple
  6637 | Temple   | Became a worshipper of Gozag Ym Sagoz the Greedy
  6858 | D:7      | Killed a troll
  8147 | D:7      | Reached skill level 6 in Fighting
  8147 | D:7      | Reached skill level 5 in Short Blades
  8350 | D:7      | Reached skill level 5 in Armour
  8355 | D:7      | Reached XP level 10. HP: 64/72 MP: 0/0
  8466 | D:8      | Reached skill level 5 in Stealth
  8635 | D:8      | Reached skill level 5 in Evocations
  8922 | D:8      | Found a staircase to the Lair.
  9327 | D:8      | Upgraded the game from 0.31-a0-1412-g7b7c7d10e1 to
                  | 0.31-a0-1439-g542172135e
  9427 | D:9      | Noticed Joseph
  9730 | D:9      | Killed Joseph
 10048 | D:9      | Reached skill level 7 in Fighting
 10176 | D:9      | Reached skill level 1 in Staves
 10414 | D:9      | Reached XP level 11. HP: 63/79 MP: 0/0
 10414 | D:9      | Learned a level 4 spell: Iskenderun's Mystic Blast
 10643 | D:10     | Entered Level 10 of the Dungeon
 10726 | D:10     | Found Fuucseonk's Book Boutique.
 10803 | D:10     | Found a hide-covered altar of Uskayaw.
 10804 | D:10     | Noticed a +0 short sword
 10804 | D:10     | Noticed a +0 falchion
 10804 | D:10     | Noticed a +0 dagger
 10805 | D:10     | Noticed a +0 spear
 10805 | D:10     | Noticed a +0 falchion
 10806 | D:10     | Noticed a +0 short sword
 10808 | D:10     | Noticed a +0 dagger
 10809 | D:10     | Noticed a +0 spear
 10973 | D:10     | Found a snail-covered altar of Cheibriados.
 10973 | D:10     | Found Cheibriados's Comfort Zone.
 10982 | D:10     | Bought the +3 hat of Pondering {ponderous, Will+ MP+10
                  | Int+5} for 533 gold pieces
 10982 | D:10     | Found the +3 hat of Pondering {ponderous, Will+ MP+10
                  | Int+5}
 11054 | D:10     | Found a staircase to the Orcish Mines.
 11326 | Lair:1   | Entered Level 1 of the Lair of Beasts
 11787 | Lair:1   | Reached skill level 8 in Fighting
 11884 | Lair:1   | Reached skill level 5 in Staves
 12030 | Lair:1   | Noticed a four-headed hydra
 12095 | Lair:1   | Noticed a catoblepas
 12134 | Lair:1   | Killed a four-headed hydra
 12405 | Lair:1   | Noticed an eight-headed hydra
 12710 | Lair:1   | Reached XP level 12. HP: 56/88 MP: 0/0
 13705 | D:11     | Reached skill level 9 in Fighting
 13862 | D:11     | Found Hahoben's Tremendous Tomes.
 14308 | D:11     | Reached skill level 5 in Spellcasting
 14308 | D:11     | Reached skill level 5 in Conjurations
 14308 | D:11     | Reached skill level 5 in Hexes
 14308 | D:11     | Reached skill level 5 in Summonings
 14308 | D:11     | Reached skill level 5 in Necromancy
 14308 | D:11     | Reached skill level 5 in Translocations
 14308 | D:11     | Reached skill level 5 in Fire Magic
 14308 | D:11     | Reached skill level 5 in Ice Magic
 14308 | D:11     | Reached skill level 5 in Air Magic
 14308 | D:11     | Reached skill level 5 in Earth Magic
 14308 | D:11     | Reached skill level 5 in Alchemy
 14586 | Orc:1    | Entered Level 1 of the Orcish Mines
 14602 | Orc:1    | Noticed Harold
 14655 | Orc:1    | Killed Harold
 14980 | Orc:1    | Noticed a sun demon
 15254 | Orc:1    | Noticed a soul eater
 15518 | Orc:2    | Entered Level 2 of the Orcish Mines
 15806 | Orc:2    | Reached XP level 13. HP: 88/95 MP: 0/0
 15806 | Orc:2    | Learned a level 5 spell: Silence
 16114 | Orc:2    | Found Luetunod's Magic Scroll Emporium.
 16133 | Orc:2    | Bought a scroll of enchant weapon for 120 gold pieces
 16133 | Orc:2    | Bought a scroll of teleportation for 48 gold pieces
 16302 | Orc:2    | Paralysed by an orc sorcerer for 2 turns
 16548 | Orc:2    | Found Acwuf's Antique Armour Shoppe.
 16558 | Orc:2    | Bought a pair of glowing gloves for 270 gold pieces
 16563 | Orc:2    | Bought a shimmering scale mail for 324 gold pieces
 16563 | Orc:2    | Identified the +6 scale mail of Irchoeb {rN+ Str+4 Int+3
                  | Dex+2} (You bought it in a shop on level 2 of the Orcish
                  | Mines)
 16757 | Orc:2    | Noticed an ogre mage
 16872 | Orc:1    | Reached skill level 10 in Fighting
 16947 | Orc:2    | Found a staircase to the Elven Halls.
 16970 | Orc:2    | Found Plog's CLEARANCE SALE!.
 16983 | Orc:2    | Bought a potion of heal wounds for 25 gold pieces
 16983 | Orc:2    | Bought a scroll of enchant weapon for 37 gold pieces
 17124 | Orc:2    | Noticed an ogre mage
 17149 | Orc:2    | Killed an ogre mage
 17192 | Orc:2    | Found Ideop's Jewellery Shoppe.
 17432 | Orc:2    | Killed an ogre mage
 17587 | Orc:2    | Bought the amulet "Qeipryepes" {rC+ Regen+} for 704 gold
                  | pieces
 18171 | Orc:2    | Found Cesouf's Jewellery Emporium.
 18441 | D:10     | Identified the +2 hat of Lesser Demons {Will+ Str+2 Dex+2}
 18761 | Lair:1   | Killed a catoblepas
 18984 | Lair:2   | Found a staircase to the Shoals.
 19566 | Lair:2   | Found a runed translucent door.
 19567 | Lair:2   | Found a shimmering altar of Xom.
 19567 | Lair:2   | Noticed koorschki's ghost (journeyman DsCA)
 20196 | Lair:3   | Found a white marble altar of Elyvilon.
 20306 | Lair:3   | Reached XP level 14. HP: 103/103 MP: 0/0
 20915 | Lair:3   | Found a hole to the Spider Nest.
 21199 | Lair:3   | Reached skill level 11 in Fighting
 21501 | Lair:4   | Found a dark tunnel.
 21506 | Volcano  | Entered a volcano
 22074 | Volcano  | Noticed a red draconian
 22125 | Volcano  | Killed a red draconian
 22235 | Volcano  | Noticed an orb of fire
 22239 | Volcano  | Noticed an orb of fire
 23296 | Lair:4   | Found a viscous altar of Jiyva.
 23297 | Lair:4   | Found a staircase to the Slime Pits.
 24055 | Lair:5   | Entered Level 5 of the Lair of Beasts
 24938 | D:12     | Reached XP level 15. HP: 111/112 MP: 0/0
 24938 | D:12     | Learned a level 6 spell: Sculpt Simulacrum
 26634 | D:13     | Found a gate to the Vaults.
 26809 | D:12     | Gained mutation: You have hidden genetic potential. [potion
                  | of mutation]
 26809 | D:12     | Lost mutation: You have hidden genetic potential. [potion
                  | of mutation]
 27134 | D:13     | Reached skill level 12 in Fighting
 27809 | D:14     | Reached skill level 10 in Short Blades
 27809 | D:14     | Reached skill level 10 in Dodging
 27847 | D:14     | Reached skill level 10 in Armour
 27847 | D:14     | Reached skill level 1 in Shields
 28445 | D:14     | Found a transporter.
 28532 | D:14     | Found a transporter.
 28896 | D:14     | Found a portal to a secret trove of treasure.
 28902 | D:14     | Bought the ring "Iwemuon" {Will+ Str+6 Dex+3 Stlth+} for
                  | 923 gold pieces
 28936 | D:15     | Entered Level 15 of the Dungeon
 29733 | Lair:5   | Reached XP level 16. HP: 119/119 MP: 0/0
 31573 | Lair:5   | Identified the ring "Regudiop" {*Slow rF+ Int+2 Stlth+}
 32273 | D:15     | Found a staircase to the Depths.
 32497 | D:14     | Noticed an acid blob
 32497 | D:14     | Noticed an acid blob
 32767 | Spider:1 | Entered Level 1 of the Spider Nest
 33011 | Spider:1 | Upgraded the game from 0.31-a0-1439-g542172135e to
                  | 0.31-a0-1511-g961fd35ebc
 33030 | Spider:1 | Noticed an emperor scorpion
 33204 | Spider:1 | Killed an emperor scorpion
 33316 | Spider:1 | Found a runed translucent door.
 33668 | Orc:2    | Bought a ring of see invisible for 210 gold pieces
 34276 | Spider:1 | Noticed an emperor scorpion
 34418 | Spider:1 | Killed an emperor scorpion
 34685 | Spider:1 | HP: 8/180 [something (4)]
 34685 | Spider:1 | HP: 3/180 [something (5)]
 34686 | Spider:1 | Slain by a meliai

Illustrated notes

Levels and vault maps discovered:
D:1:      ebering_trefoil_3fold, layout_basic
D:2:      layout_loops_ring, uniq_jessica
D:3:      layout_loops_cross, ebering_ghost_reflecting_pool
D:4:      minmay_angry_zag, layout_basic, serial_shops,
          nicolae_shop_tiny_waterfront
D:5:      layout_loops_ring, uniq_sigmund
D:6:      layout_basic, amethyst_killhole
D:7:      layout_layer_cave, minmay_temple_entry_wispy
D:8:      hellmonk_ruined_rings, layout_layer_cave, lair_entry_dummy,
          hangedman_decor_growths
D:9:      layout_roguey, hangedman_decor_lopped, uniq_joseph
D:10:     layout_roguey, nicolae_uskayaw_en_pointe, zombieorc1_lemuel,
          serial_shops, nicolae_shop_tiny_waterfront, minivault_10,
          minmay_shop_chei
D:11:     layout_cave_pods, nicolae_shop_i_like_big_books
D:12:     layout_basic
D:13:     layout_roguey, lightli_vaults_fourway_checkpoint
D:14:     gammafunk_cloud_chamber, layout_basic, minivault_4, enter_trove_5,
          dreamdust_wishing_well
D:15:     hangedman_depths_entry_civil_slaughter, layout_irregular_city,
          gammafunk_ghost_cemetery, hellmonk_okawaru_the_only_friend_you_need,
          zin_purify
Temple:   regret_index_temple_sigil_plot
Lair:1:   layout_roguey, hangedman_lair_generics_rect, lemuel_fruit_fields,
          serial_bayou_shore_a
Lair:2:   layout_cave_shapes, shoals_dummy_entry, ebering_ghost_xom,
          infiniplex_staircase_pool, lemuel_fruit_tree
Lair:3:   layout_cave_pods, dummy_spider_entry, basic_altar,
          beast_lair_carwin_4, lemuel_fruit_fields
Lair:4:   layout_regular_city, minmay_slime_entry_jelly_boxes, enter_volcano_4,
          grunt_forest_stairs_clearing, lemuel_fruit_fields
Lair:5:   evilmike_catoblepas_cave, layout_loops_ring, grunt_megastairs_5,
          serial_bayou_shore_b
Spider:1: layout_chambers, ebering_ghost_reflecting_pool
Orc:1:    layout_diamond_mine, uniq_harold
Orc:2:    kennysheep_orc_mage_school, layout_diamond_mine,
          nicolae_shop_clearance

Skill      XL: |  1  2  3  4  5  6  7  8  9 10 11 12 13 14 15 16 |
---------------+-------------------------------------------------+-----
Short Blades   | 2 3 4 5 7 9 10 11 | 11.4
Dodging        | 3 4 5 6 7 9 10 11 | 11.1
Armour         | 1 2 3 4 5 6 7 9 10 | 10.9
Fighting       | 4 5 6 7 8 9 10 11 12 | 12.9
Evocations     | 1 2 3 4 5 |  5.5
Spellcasting   | 1 2 3 4 5 6 7 |  7.9
Conjurations   | 1 2 3 4 5 6 7 |  7.9
Hexes          | 1 2 3 4 5 6 7 |  7.9
Summonings     | 1 2 3 4 5 6 7 |  7.9
Necromancy     | 1 2 3 4 5 6 7 |  7.9
Translocations | 1 2 3 4 5 6 7 |  7.9
Fire Magic     | 1 2 3 4 5 6 7 |  7.9
Ice Magic      | 1 2 3 4 5 6 7 |  7.9
Air Magic      | 1 2 3 4 5 6 7 |  7.9
Earth Magic    | 1 2 3 4 5 6 7 |  7.9
Alchemy        | 1 2 3 4 5 6 7 |  7.9
Stealth        | 5 6 7 8 9 |  9.2
Staves         | 2 6 8 9 |  9.9
Shields        | 2 4 |  4.4

Action                     |  1- 3 |  4- 6 |  7- 9 | 10-12 | 13-15 | 16-18 || total
---------------------------+-------+-------+-------+-------+-------+-------++-------
  Melee: Short sword       |   108 |   119 |   437 |   269 |       |       ||   933
         Punch             |       |     1 |     8 |     7 |    37 |       ||    53
         Quarterstaff      |       |       |       |   615 |   203 |       ||   818
         Rapier            |       |       |       |       |  2311 |   910 ||  3221
  Throw: Dart              |    48 |    14 |    22 |     2 |    12 |     9 ||   107
   Cast: Fugue of the Fall |       |       |     3 |     7 |    17 |    14 ||    41
         Ensorcelled Hiber |       |       |       |    16 |    76 |    42 ||   134
         Tukima's Dance    |       |       |       |    25 |    60 |     6 ||    91
         Silence           |       |       |       |       |     4 |     1 ||     5
         Iskenderun's Myst |       |       |       |       |    34 |     3 ||    37
 Invoke: Potion Petition   |       |       |       |       |     4 |     3 ||     7
         Call Merchant     |       |       |       |       |     1 |     1 ||     2
  Evoke: Wand              |       |     4 |    33 |    27 |    12 |     2 ||    78
         Condenser vane    |       |       |       |       |       |     1 ||     1
    Use: Scroll            |     7 |     1 |     5 |    14 |    13 |     2 ||    42
         Potion            |     1 |       |     6 |     5 |     9 |     4 ||    25
   Stab: Sleeping          |     1 |       |       |    12 |    33 |    28 ||    74
         Distracted        |       |       |       |     5 |    10 |     2 ||    17
         Invisible         |       |       |       |     1 |     5 |       ||     6
 Armour: Leather armour    |    37 |       |    51 |   137 |       |       ||   225
         Ice dragon scales |    11 |    76 |   196 |       |       |       ||   283
         Ring mail         |       |       |       |   423 |   793 |   512 ||  1728
         Robe              |       |       |       |       |   316 |       ||   316
  Dodge: Dodged            |    44 |    47 |   201 |   588 |  1832 |   563 ||  3275
  Block: Kite shield       |       |       |       |       |   168 |   480 ||   648
         Buckler           |       |       |       |       |    80 |       ||    80

Table legend: (Time is in decaauts)
 A = Elapsed time spent in this place.
 B = Non-inter-level travel time spent in this place.
 C = Inter-level travel time spent in this place.
 D = Time resting spent in this place.
 E = Time spent auto-exploring this place.
 F = Levels seen in this place.
 G = Mean time per level.
                   A        B        C        D        E       F      G
               +--------+--------+--------+--------+--------+-----+--------+
         Total |  34275 |  31183 |   3092 |   5495 |  14336 |  25 | 1371.0 |
       Dungeon |  18874 |  16997 |   1877 |   3107 |   8978 |  15 | 1258.3 |
        Temple |     18 |     18 |      0 |      0 |      0 |   1 |   18.0 |
          Lair |   9090 |   8179 |    911 |    836 |   3501 |   5 | 1818.0 |
   Spider Nest |   1431 |   1380 |     51 |    285 |    582 |   1 | 1431.0 |
  Orcish Mines |   3673 |   3421 |    252 |   1101 |   1051 |   2 | 1836.5 |
       Volcano |   1186 |   1186 |      0 |    165 |    223 |   1 | 1186.0 |
               +--------+--------+--------+--------+--------+-----+--------+

Top non-repeatable levels by time:
   Orc:2: 2988 daAuts
  Lair:5: 2334 daAuts
     D:7: 2319 daAuts
  Lair:1: 1959 daAuts
    D:10: 1937 daAuts
  Lair:4: 1852 daAuts
     D:6: 1690 daAuts
  Lair:3: 1678 daAuts
     D:8: 1618 daAuts
    D:14: 1599 daAuts
    D:12: 1494 daAuts
     D:9: 1452 daAuts
Spider:1: 1431 daAuts
    D:11: 1286 daAuts
  Lair:2: 1266 daAuts
